 Dungeon Crawl Stone Soup version 0.24-a0-335-g06ca16a (webtiles) character file.

Game seed: 5181368460856433258

2237 Borgoz the Cleaver (level 9, -15/78 HPs)
             Began as a Minotaur Gladiator on May 19, 2019.
             Was a Follower of Ashenzari.
             Splashed by Harold's acid (17 damage)
             ... on level 7 of the Dungeon.
             The game lasted 00:14:00 (7073 turns).

Borgoz the Cleaver (Minotaur Gladiator)             Turns: 7073, Time: 00:14:00

Health: -15/78     AC: 10    Str: 18    XL:     9   Next: 14%
Magic:  8/8        EV: 16    Int: 10    God:    Ashenzari [*.....]
Gold:   49         SH:  0    Dex: 19    Spells: 8/8 levels left

rFire    . . .     SeeInvis .   a - +0 war axe
rCold    . . .     Gourm    .   (no shield)
rNeg     . . .     Faith    .   n - +0 ring mail
rPois    .         Spirit   .   c - +0 hat
rElec    .         Reflect  .   g - +2 cloak of Aguday {Int+5}
rCorr    .         Harm     .   p - +0 pair of gloves
MR       .....                  (no boots)
Stlth    +.........             (no amulet)
HPRegen  0.23/turn              B - +3 ring of dexterity
MPRegen  0.11/turn              (no ring)

@: marked
A: retaliatory headbutt, horns 2
a: Curse Item, Scrying, Renounce Religion


You were on level 7 of the Dungeon.
You worshipped Ashenzari.
Ashenzari was aware of your devotion.
You were not hungry.

You visited 2 branches of the dungeon, and saw 8 of its levels.
You also visited: Sewer and Ossuary.

You collected 381 gold pieces.
You spent 332 gold pieces at shops.

Inventory:

Hand Weapons
 a - a +0 war axe (weapon)
Missiles
 d - 2 throwing nets (quivered)
Armour
 c - a +0 hat (worn)
 g - the +2 cloak of Aguday (worn) {Int+5}
   (You bought it in a shop on level 6 of the Dungeon)

   It affects your intelligence (+5).
 n - a +0 ring mail (worn)
 p - a +0 pair of gloves (worn)
 A - a +2 leather armour of magic resistance
Jewellery
 B - a +3 ring of dexterity (left hand)
Wands
 j - a wand of paralysis (6)
 m - a wand of iceblast (11)
 s - a wand of polymorph (8)
 x - a wand of random effects (20)
Scrolls
 b - a scroll of amnesia
 h - a scroll of blinking {unknown}
 l - 4 scrolls of magic mapping
 w - 8 scrolls of remove curse
 y - 2 scrolls of enchant weapon
 C - 2 scrolls of teleportation
 D - a scroll of enchant armour {unknown}
 E - 4 scrolls of identify
Potions
 e - 4 potions of flight
 i - 3 potions of might
 o - a potion of haste
 q - 8 potions of curing
 r - 3 potions of heal wounds
 t - 2 potions of magic
 u - 3 potions of cancellation
 v - 4 potions of brilliance
 z - 2 potions of agility
Comestibles
 f - 17 rations
 k - 2 chunks of flesh


   Skills:
 + Level 6.9 Fighting
 * Level 9.9 Axes
 - Level 2.0 Throwing
 + Level 6.2 Armour
 + Level 6.9 Dodging


You had 8 spell levels left.
You didn't know any spells.
Your spell library was empty.

Dungeon Overview and Level Annotations

Branches:
Dungeon (7/15)             Temple (1/1) D:4

Altars:
Ashenzari
Cheibriados
Dithmenos
Elyvilon
Fedhas
Gozag
Hepliaklqana
Kikubaaqudgha
Makhleb
Nemelex Xobeh
Okawaru
Qazlal
Ru
Sif Muna
Trog
Uskayaw
Vehumet
Wu Jian
Yredelemnul
Zin
The Shining One

Shops:
D:6 [

Annotations:
D:7 1 runed translucent door, Crazy Yiuf, Harold


Innate Abilities, Weirdness & Mutations

You reflexively headbutt those who attack you in melee.
You have a pair of horns on your head.


Message History

Harold is severely wounded.
You hit the quokka.
You kill the quokka!
Harold hits you with a +0 glaive!
You barely miss Harold. You headbutt Harold!
Harold is almost dead.
Harold gestures at you while chanting. A sentinel's mark forms upon you.
You hit Harold but do no damage. You headbutt Harold, but do no damage.
Harold is almost dead.
Harold zaps a wand.
The bolt of acid hits you!
You are splashed with acid!
* * * LOW HITPOINT WARNING * * *
Throwing (i - inventory)
d - 3 throwing nets (quivered)
Press: ? - help, Shift-Dir - straight line, f - Harold
Aim: Harold, wielding a +0 glaive, wearing a +0 scale mail and carrying a wand of acid (5) (almost dead)
You throw a throwing net. The throwing net barely misses Harold.
Harold zaps a wand.
The bolt of acid hits you!
* * * LOW HITPOINT WARNING * * *
You are splashed with acid!
You die...

......##...........#.............
.............##....#.........#..<
.............##....#..........[##
......##........#.###........## #
......##.....####..#.........# #
########.....# ##...#######.#
#.....# ###...# .#
#.....###.†.#.# ########)@....#
#...@..#### # #)#.#### # ..... #
...... # ..... # ..... # >... # #


You could see Harold.

Vanquished Creatures
  2 water moccasins (D:6)
  An ice beast (D:7)
  2 ogres
  3 centaurs (D:6)
  3 big kobolds
  3 bullfrogs
  A crimson imp (D:6)
  2 centaur zombies (Ossuary)
  2 hounds
  A human zombie (Ossuary)
  A bullfrog skeleton (D:4)
  2 centaur skeletons
  2 orc priests
  2 iguanas
  2 orc wizards (D:6)
  Jessica (D:2)
  Natasha (D:2)
  5 worker ants
  2 big kobold zombies (Ossuary)
  2 hound skeletons (D:6)
  A worker ant zombie (D:6)
  2 mummies (Ossuary)
  4 gnolls (D:6)
  13 adders
  2 shadow imps
  5 oozes
  4 adder zombies
  An adder skeleton (D:6)
  10 worms
  A dart slug (D:1)
  4 leopard geckos
  19 orcs
  9 bats
  10 giant cockroaches
  5 goblins
  19 hobgoblins
  4 jackals (D:1)
  4 quokkas
  6 ball pythons
  9 frilled lizards
  2 goblin zombies (Ossuary)
  9 hobgoblin zombies (Ossuary)
  A jackal zombie (Ossuary)
  22 kobolds
  10 kobold zombies (Ossuary)
  6 orc zombies (Ossuary)
  22 rats
  A rat zombie (Ossuary)
  4 toadstools (D:1)
249 creatures vanquished.

Notes
Turn   | Place    | Note
-------+----------+-------------------------------------------
     0 | D:1      | Borgoz the Minotaur Gladiator began the quest for the Orb.
     0 | D:1      | Reached XP level 1. HP: 18/18 MP: 0/0
   130 | D:1      | Reached XP level 2. HP: 18/25 MP: 1/1
   144 | D:1      | Reached skill level 4 in Axes
   159 | D:1      | Reached skill level 1 in Armour
   205 | D:1      | HP: 1/25 [hobgoblin/+0 club (3)]
   409 | D:1      | Reached XP level 3. HP: 20/30 MP: 2/2
   871 | D:2      | Noticed Jessica
   886 | D:2      | Killed Jessica
   886 | D:2      | Reached XP level 4. HP: 9/38 MP: 3/3
  1188 | D:2      | Reached skill level 5 in Axes
  1277 | D:2      | Noticed Natasha
  1283 | D:2      | Killed Natasha
  1283 | D:2      | Reached XP level 5. HP: 18/45 MP: 4/4
  1940 | D:3      | Found an ancient bone altar of Kikubaaqudgha.
  2548 | D:3      | Reached XP level 6. HP: 52/52 MP: 5/5
  2626 | D:3      | Reached skill level 6 in Axes
  3213 | D:4      | Found a sand-covered staircase.
  3313 | Ossuary  | Entered an ossuary
  3741 | D:4      | Reached XP level 7. HP: 53/60 MP: 6/6
  3748 | D:4      | Reached skill level 5 in Dodging
  3834 | D:4      | Found a snail-covered altar of Cheibriados.
  3898 | D:4      | Found a staircase to the Ecumenical Temple.
  4305 | D:5      | Entered Level 5 of the Dungeon
  4329 | Temple   | Entered the Ecumenical Temple
  4440 | D:5      | Reached skill level 7 in Axes
  4491 | D:5      | Found a basalt altar of Yredelemnul.
  4611 | D:5      | Found a glowing golden altar of the Shining One.
  4618 | D:5      | Found a glowing silver altar of Zin.
  4985 | D:5      | Reached skill level 5 in Fighting
  5395 | D:6      | Found a shattered altar of Ashenzari.
  5400 | D:6      | Became a worshipper of Ashenzari the Shackled
  5496 | D:6      | Found a glowing drain.
  5504 | Sewer    | Entered a sewer
  5680 | Sewer    | Reached skill level 8 in Axes
  5680 | Sewer    | Reached XP level 8. HP: 67/69 MP: 7/7
  5997 | D:6      | Reached skill level 5 in Armour
  6322 | D:6      | Found an opulent altar of Gozag.
  6493 | D:6      | Found Leblet's Antique Armour Shoppe.
  6505 | D:6      | Reached skill level 9 in Axes
  6512 | D:6      | Bought a faintly glowing cloak for 332 gold pieces
  6517 | D:6      | Identified the +2 cloak of Aguday {Int+5} (You bought it in
                  | a shop on level 6 of the Dungeon)
  6565 | D:6      | Found a sparkling altar of Nemelex Xobeh.
  6790 | D:6      | Found a hazy altar of Hepliaklqana.
  6883 | D:7      | Found a runed translucent door.
  6884 | D:7      | Noticed Crazy Yiuf
  6936 | D:7      | Found a blossoming altar of Fedhas.
  6971 | D:7      | Reached * piety under Ashenzari
  6982 | D:7      | Reached XP level 9. HP: 75/78 MP: 8/8
  7053 | D:7      | Noticed Harold
  7073 | D:7      | HP: 2/78 [Harold/bolt of acid (16)]
  7073 | D:7      | Splashed by Harold's acid

Levels and vault maps discovered:
D:1:      ldierk_water_garden, layout_basic
D:2:      layout_basic, minmay_cupped, uniq_jessica, uniq_natasha
D:3:      layout_basic, old_standard_altar
D:4:      minmay_spotlight, layout_loops_ring, cheibriados_altar_1,
          minmay_temple_entry_butterflies,
          nicolae_ossuary_entry_false_entrances, first_ration,
          small_statue_intersection
D:5:      layout_rooms, yredelemnul_altar_generic, old_standard_altar,
          serial_co_window_serial, co_window_paths_a,
          co_window_of_opportunity_a, co_window_paths_b, co_window_paths_b,
          co_window_corner_a, co_window_corner_b, co_window_of_opportunity_b,
          co_window_of_opportunity_c, co_window_4corner_b, glass_columns_c,
          glass_columns_a, glass_columns_c, glass_columns_a, glass_columns_b,
          basic_altar
D:6:      layout_basic, marbit_many_paths, nicolae_overflow_crystal_walls,
          ashenzari_altar_1, serial_shops, shop, portal_sewer_entry_e,
          grunt_ministairs_11, nicolae_gozag_cash_rules_everything_around_me
D:7:      layout_rooms, basic_altar, uniq_harold, uniq_crazy_yiuf_cottage
Temple:   jpeg_temple_clearing

Skill      XL: |  1  2  3  4  5  6  7  8  9 |
---------------+----------------------------+-----
Axes           | 4 5 6 8 9 |  9.9
Armour         | 1 2 3 4 5 6 |  6.2
Fighting       | 3 4 5 6 |  6.9
Dodging        | 4 5 6 |  6.9
Throwing       | |  2.0

Action                   |  1- 3 |  4- 6 |  7- 9 || total
-------------------------+-------+-------+-------++-------
Melee: War axe           |    82 |   217 |   232 ||   531
       Headbutt          |    15 |    44 |    51 ||   110
Throw: Throwing net      |     3 |       |     1 ||     4
  Use: Potion            |     4 |       |     1 ||     5
       Scroll            |       |       |    11 ||    11
  Eat: Chunk             |       |     7 |    10 ||    17
       Ration            |       |     1 |       ||     1
Armor: Leather armour    |    16 |     6 |       ||    22
       Ring mail         |       |    54 |    72 ||   126
Dodge: Dodged            |    60 |   160 |   192 ||   412

Table legend:
 A = Non-vault XP
 B = Vault XP
 C = Vault XP percentage of total XP
 D = Non-vault monster count
 E = Vault monster count
 F = Vault count percentage of total count
                 A         B        C        D         E       F
            +---------+---------+-------+---------+---------+-------
      Total |    2445 |     751 |  23.5 |     163 |      82 |  33.5
            +---------+---------+-------+---------+---------+-------
        D:1 |      74 |       0 |   0.0 |      33 |       0 |   0.0
        D:2 |     119 |      79 |  39.9 |      31 |       3 |   8.8
        D:3 |     136 |       0 |   0.0 |      28 |       0 |   0.0
        D:4 |     104 |      55 |  34.6 |       9 |       2 |  18.2
        D:5 |     377 |       0 |   0.0 |      23 |       0 |   0.0
        D:6 |    1096 |     120 |   9.9 |      25 |      14 |  35.9
        D:7 |     539 |       0 |   0.0 |      14 |       0 |   0.0
      Sewer |       0 |     232 | 100.0 |       0 |      24 | 100.0
    Ossuary |       0 |     265 | 100.0 |       0 |      39 | 100.0
            +---------+---------+-------+---------+---------+-------
